 Dungeon Crawl Stone Soup version 0.20.1-1-g8b1a95d (webtiles) character file.

9687 Krajca the Basher (level 11, 0/102 HPs)
             Began as a Minotaur Fighter on Aug 13, 2017.
             Was a High Priest of Okawaru.
             Slain by an unseen horror (7 damage)
             ... on level 10 of the Dungeon.
             The game lasted 00:35:41 (8734 turns).

Krajca the Basher (Minotaur Fighter)                Turns: 8734, Time: 00:35:41

Health: 0/102      AC: 13    Str: 26    XL:     11   Next: 26%
Magic:  10/10      EV:  3    Int:  5    God:    Okawaru [*****.]
Gold:   411        SH:  8    Dex: 12    Spells: 10/10 levels left

rFire    . . .     SeeInvis .   K - +3 mace
rCold    . . .     Gourm    .   c - +0 shield
rNeg     . . .     Faith    .   m - +1 plate armour
rPois    +         Spirit   .   (helmet restricted)
rElec    .         Reflect  .   v - +0 cloak
rCorr    .         Harm     .   (no gloves)
MR       .....                  p - +0 pair of boots
Stlth    ..........             (no amulet)
Regen    0.3/turn               j - ring of poison resistance
MPRegen  0.2/turn               I - +4 ring of strength

@: studying Dodging, extremely drained
A: retaliatory headbutt, horns 2
a: Heroism, Finesse, Renounce Religion


You were on level 10 of the Dungeon.
You worshipped Okawaru.
Okawaru was extremely pleased with you.
You were not hungry.

You visited 1 branch of the dungeon, and saw 10 of its levels.

You collected 411 gold pieces.

Inventory:

Hand Weapons
 a - a +1 flail
 r - a +1 flail
 J - a cursed +3 battleaxe
 K - a +3 mace (weapon)
Armour
 c - a +0 shield (worn)
 m - a +1 plate armour (worn)
 p - a +0 pair of boots (worn)
 v - a +0 cloak (worn)
Jewellery
 j - a ring of poison resistance (left hand)
 q - an uncursed ring of stealth
 w - an uncursed ring of ice
 G - an uncursed ring of poison resistance
 I - a +4 ring of strength (right hand)
Wands
 b - a wand of acid (6/15)
 t - a wand of digging (13/24)
 A - a wand of flame (32/48)
 E - a wand of confusion (22/48)
Scrolls
 k - 5 scrolls of magic mapping
 o - a scroll of enchant weapon
 x - 3 scrolls of enchant armour
 y - 3 scrolls of teleportation
 C - a scroll of blinking
 F - a scroll of amnesia
Potions
 h - a potion of magic
 n - a potion of agility
 s - a potion of lignification {unknown}
 z - 2 potions of berserk rage {unknown}
 B - a potion of might
Books
 M - a manual of Dodging
Comestibles
 f - 6 bread rations
 g - 9 meat rations
 i - 4 fruits
 u - 7 royal jellies


   Skills:
 - Level 11.0(0.0) Fighting
 - Level 14.0(0.0) Maces & Flails
 - Level 3.6(0.0) Armour
 + Level 11.7(0.0) Shields


You had 10 spell levels left.
You didn't know any spells.

Dungeon Overview and Level Annotations

Branches:
Dungeon (10/15)            Temple (0/1) D:6            Lair (0/6) D:9
    Orc: D:9-12

Altars:
Ashenzari
Cheibriados
Gozag
Okawaru
Qazlal
Trog
Uskayaw
Yredelemnul

Shops:
D:9 =

Annotations:
D:10 Sonja


Innate Abilities, Weirdness & Mutations

You reflexively headbutt those who attack you in melee.
You have a pair of horns on your head.


Message History

* * * LOW HITPOINT WARNING * * *
There is an open door here.
Something hits you but does no damage. Something hits you.
* * * LOW HITPOINT WARNING * * *
Something hits you but does no damage. Something hits you but does no damage.
Something hits you but does no damage. Something hits you.
* * * LOW HITPOINT WARNING * * *
Something hits you but does no damage.
You miss something. Something hits you but does no damage. Something hits you.
* * * LOW HITPOINT WARNING * * *
Something hits you.
* * * LOW HITPOINT WARNING * * *
You feel better. Something hits you.
* * * LOW HITPOINT WARNING * * *
Something hits you but does no damage.
Something hits you but does no damage. x2
Something hits you!
You die...

######## #......#
####......###
#.....@.....#
#.#########.# # #.#
#.# .#
#.#########'###.###
#.#..............$.
#.#..............##
#.#..............#
#.#.......††.....#
#.#..............#


There were no monsters in sight!

Vanquished Creatures
  Erica (D:8)
  2 two-headed ogres
  The ghost of kohrah the Eclecticist, a novice DEFE of Vehumet (D:9)
  Maurice (D:8)
  Psyche (D:8)
  A hippogriff (D:10)
  Sigmund (D:5)
  2 yaks
  3 hogs (D:7)
  Grum (D:8)
  A human (D:7)
  2 porcupines (D:9)
  4 orc warriors
  2 ice beasts
  3 phantoms
  5 sky beasts
  A black bear (D:9)
  3 ogres
  3 wolves
  2 centaurs
  5 bullfrogs
  2 big kobolds (D:9)
  A wyvern skeleton (D:7)
  4 scorpions
  7 killer bees
  10 wights
  The ghost of letownia the Insei, a weakling OpTm (D:4)
  2 howler monkeys
  2 bullfrog zombies
  A centaur zombie (D:7)
  5 crimson imps
  2 jellies (D:8)
  A quasit (D:9)
  A centaur skeleton (D:4)
  4 orc wizards
  2 orc priests (D:6)
  4 hounds
  6 bullfrog skeletons
  Natasha (thrice) (D:2)
  2 iguanas (D:8)
  10 worker ants
  2 hound skeletons
  Robin (D:2)
  A worker ant zombie (D:6)
  16 adders
  3 shadow imps
  An ooze (D:4)
  2 worms
  A dart slug (D:1)
  6 leopard geckos
  24 orcs
  2 ball pythons
  6 bats
  4 giant cockroaches
  14 goblins
  8 hobgoblins
  11 jackals
  2 quokkas
  4 frilled lizards
  17 kobolds
  A quokka skeleton (D:5)
  6 rats
247 creatures vanquished.

Vanquished Creatures (others)
  31 fungi (D:9)
  2 plants (D:9)
33 creatures vanquished.

Grand Total: 280 creatures vanquished

Notes
Turn   | Place    | Note
-------+----------+-------------------------------------------
     0 | D:1      | Krajca the Minotaur Fighter began the quest for the Orb.
     0 | D:1      | Reached XP level 1. HP: 19/19 MP: 0/0
    98 | D:1      | Reached skill level 3 in Maces & Flails
   109 | D:1      | Reached XP level 2. HP: 25/26 MP: 1/1
   596 | D:1      | Reached skill level 4 in Maces & Flails
   817 | D:2      | Reached XP level 3. HP: 28/31 MP: 2/2
  1041 | D:2      | Noticed Robin
  1042 | D:2      | Noticed Natasha
  1077 | D:2      | Killed Natasha
  1077 | D:2      | Reached skill level 5 in Maces & Flails
  1077 | D:2      | Reached XP level 4. HP: 8/39 MP: 3/3
  1084 | D:2      | Killed Robin
  1182 | D:2      | Noticed Natasha
  1192 | D:2      | Killed Natasha
  1192 | D:2      | Reached skill level 6 in Maces & Flails
  1249 | D:2      | Noticed Natasha
  1256 | D:2      | Killed Natasha
  1256 | D:2      | Reached XP level 5. HP: 27/45 MP: 4/4
  1572 | D:2      | Found a bloodstained altar of Trog.
  1841 | D:3      | Reached skill level 7 in Maces & Flails
  1910 | D:3      | Found a hide-covered altar of Uskayaw.
  1910 | D:3      | Found a snail-covered altar of Cheibriados.
  2331 | D:4      | Noticed letownia's ghost (weakling OpTm)
  2339 | D:4      | Killed letownia's ghost
  2469 | D:4      | Reached XP level 6. HP: 49/51 MP: 5/5
  2509 | D:4      | Found a basalt altar of Yredelemnul.
  2598 | D:4      | Reached skill level 8 in Maces & Flails
  2792 | D:5      | Entered Level 5 of the Dungeon
  2836 | D:5      | Noticed a sky beast
  2847 | D:5      | Killed a sky beast
  2847 | D:5      | Reached skill level 9 in Maces & Flails
  2847 | D:5      | Reached XP level 7. HP: 43/57 MP: 6/6
  2896 | D:5      | Found an iron altar of Okawaru.
  2910 | D:5      | Noticed Sigmund
  2911 | D:5      | Became a worshipper of Warmaster Okawaru
  2921 | D:5      | Killed Sigmund
  2921 | D:5      | Reached skill level 10 in Maces & Flails
  3266 | D:6      | Reached * piety under Okawaru
  3266 | D:6      | Reached skill level 11 in Maces & Flails
  3279 | D:6      | Reached XP level 8. HP: 62/64 MP: 7/7
  3426 | D:6      | Found a staircase to the Ecumenical Temple.
  3523 | D:6      | Reached skill level 12 in Maces & Flails
  3545 | D:6      | Reached ** piety under Okawaru
  3929 | D:6      | Found an opulent altar of Gozag.
  4052 | D:6      | Reached skill level 13 in Maces & Flails
  4419 | D:6      | Reached XP level 9. HP: 70/70 MP: 8/8
  4618 | D:7      | Found a basalt altar of Yredelemnul.
  4671 | D:7      | Reached skill level 14 in Maces & Flails
  5024 | D:7      | Reached skill level 5 in Fighting
  5059 | D:7      | Reached *** piety under Okawaru
  5693 | D:8      | Noticed Grum
  6087 | D:8      | Killed Grum
  6133 | D:8      | Reached XP level 10. HP: 73/93 MP: 9/9
  6135 | D:8      | Found a stormy altar of Qazlal.
  6144 | D:8      | Reached **** piety under Okawaru
  6147 | D:8      | Reached skill level 10 in Fighting
  6221 | D:8      | Noticed Maurice
  6234 | D:8      | Killed Maurice
  6244 | D:8      | Found a bloodstained altar of Trog.
  6527 | D:8      | Noticed Psyche
  6621 | D:8      | Noticed a two-headed ogre
  6760 | D:8      | Killed a two-headed ogre
  6760 | D:8      | Reached ***** piety under Okawaru
  6939 | D:8      | Noticed Erica
  6952 | D:8      | Killed Erica
  7185 | D:8      | Killed Psyche
  7341 | D:9      | Noticed kohrah's ghost (novice DEFE)
  7344 | D:9      | Received a gift from Okawaru
  7362 | D:9      | Killed kohrah's ghost
  7362 | D:9      | Reached skill level 10 in Shields
  7362 | D:9      | Reached XP level 11. HP: 27/102 MP: 10/10
  7633 | D:9      | Found a staircase to the Lair.
  7792 | D:9      | Noticed a two-headed ogre
  7801 | D:9      | Killed a two-headed ogre
  8069 | D:9      | Found Naucs's Jewellery Shoppe.
  8211 | D:9      | Found a shattered altar of Ashenzari.
  8408 | D:10     | Entered Level 10 of the Dungeon
  8426 | D:10     | Noticed Sonja
  8731 | D:10     | HP: 4/102 [something (5)]
  8734 | D:10     | Slain by an unseen horror

Skill      XL: |  1  2  3  4  5  6  7  8  9 10 11 |
---------------+----------------------------------+-----
Maces & Flails | 3 4 5 6 7 9 11 13 14 | 14.0
Fighting       | 9 11 | 11.0
Shields        | 10 11 | 11.7
Armour         | |  3.6

Action                   |  1- 3 |  4- 6 |  7- 9 | 10-12 || total
-------------------------+-------+-------+-------+-------++-------
Melee: Flail             |   105 |   157 |   359 |    16 ||   637
       Headbutt          |    14 |    27 |    73 |    81 ||   195
       Mace              |       |       |       |   347 ||   347
  Use: Potion            |     1 |       |       |     5 ||     6
       Scroll            |       |     7 |     5 |     5 ||    17
  Eat: Chunk             |       |     6 |    11 |     9 ||    26
Armor: Scale mail        |    17 |       |       |       ||    17
       Plate armour      |    70 |   112 |   181 |   239 ||   602
Dodge: Dodged            |    24 |    27 |    51 |    50 ||   152
Block: Shield            |    53 |    84 |   166 |   177 ||   480
